[Event "Titled Tuesday Blitz February 01 A 2022"]
[White "Senthil Maran K"]
[Black "Abdrlauf, Elham"]
[WhiteFideId "25035681"]
[BlackFideId "1533533"]
[WhiteElo "2194"]
[BlackElo "2334"]
[Result "0-1"]
[Round "02"]
[TimeControl "180+1"]
[Date "2022.02.01"]
[WhiteClock "0:00:10"]
[BlackClock "0:00:35"]

1. d4 Nf6 2. Nf3 d5 3. g3 g6 4. c4 dxc4 5. Bg2 Bg7 6. O-O O-O 7. Na3 c5 8. dxc5 c3 9. Nb5 cxb2 10. Bxb2 Na6 11. c6 Qb6 12. cxb7 Bxb7 13. a4 Rfd8 14. Bd4 Nc5 15. Qc2 Rac8 16. Rfc1 Nfe4 17. Qb2 Bxd4 18. Nfxd4 a6 19. Bxe4 Nxe4 20. Rxc8 Bxc8 21. a5 Qf6 0-1


[Site "https://www.chess.com"]

[Event "Titled Tuesday Blitz February 01 A 2022"]
[White "Shirov, Alexei"]
[Black "Fries-Nielsen, Jens Ove"]
[WhiteFideId "2209390"]
[BlackFideId "1400142"]
[WhiteElo "2645"]
[BlackElo "2643"]
[Result "1/2-1/2"]
[Round "02"]
[TimeControl "180+1"]
[Date "2022.02.01"]
[WhiteClock "0:00:18"]
[BlackClock "0:00:25"]

1. e4 c5 2. Nf3 Nc6 3. d4 cxd4 4. Nxd4 a6 5. Nc3 e5 6. Nf5 d6 7. Nd5 b5 8. Be3 Rb8 9. a4 g6 10. Ng3 h5 11. axb5 axb5 12. Bd3 Bh6 13. Qe2 h4 14. Nf1 b4 15. Nd2 Nf6 16. Bb5 Bd7 17. Nxf6+ Qxf6 18. Ra6 Rxb5 19. Qxb5 Nd4 20. Qc4 Ke7 21. Ra7 Qe6 22. Qxe6+ Kxe6 23. Bxd4 exd4 24. Nb3 Bg7 25. Kd2 Rc8 26. Rha1 Bh6+ 27. Kd1 Bg7 28. f3 Be5 29. h3 Bb5 30. Rb7 Bf1 31. Raa7 Rf8 32. Rxb4 Bxg2 33. Nxd4+ Kf6 34. Ke2 Bxh3 35. Ke3 g5 36. Ne2 Bf1 37. f4 gxf4+ 38. Nxf4 h3 39. Ra1 Bxf4+ 40. Kxf4 Bg2 41. Kg3 Ke6 42. Ra5 Rg8+ 43. Kh2 Rf8 44. Rh5 Rc8 45. c3 Ra8 46. Rd4 Ra1 47. Rh6+ Ke5 48. Rh5+ Ke6 49. b4 Rh1+ 50. Kg3 Rc1 51. b5 Rxc3+ 52. Kf4 Rb3 53. Rc4 Rb2 54. Rc6 Rf2+ 55. Kg3 Rf3+ 56. Kh2 Rb3 57. Rh6+ f6 58. b6 Bxe4 59. Rc1 Bg2 60. Re1+ Kf5 61. Rh5+ Kg6 62. Rh4 Rxb6 63. Rd4 d5 64. Re2 Bf3 65. Rf2 Be4 66. Kxh3 Kg5 67. Kg3 Rb3+ 68. Kh2 f5 69. Rd1 f4 70. Rg1+ Kf5 71. Rgf1 f3 72. Kg3 d4 73. Rxf3+ Bxf3 74. Rxf3+ Rxf3+ 75. Kxf3 Ke5 76. Ke2 Ke4 77. Kd2 d3 78. Kd1 Kd4 79. Kd2 Ke4 80. Kd1 Ke3 81. Ke1 d2+ 82. Kd1 Kd3 1/2-1/2


[Site "https://www.chess.com"]

[Event "Titled Tuesday Blitz February 01 A 2022"]
[White "Sychev, Klementy"]
[Black "Panesar Vedant"]
[WhiteFideId "4114060"]
[BlackFideId "35033018"]
[WhiteElo "2564"]
[BlackElo "1971"]
[Result "0-1"]
[Round "02"]
[TimeControl "180+1"]
[Date "2022.02.01"]
[WhiteClock "0:00:03"]
[BlackClock "0:00:10"]

1. d4 Nf6 2. c4 e6 3. Nc3 Bb4 4. Bf4 O-O 5. Qb3 a5 6. a3 Bxc3+ 7. Qxc3 d5 8. e3 c5 9. dxc5 Ne4 10. Qc2 Na6 11. Nf3 Naxc5 12. Be2 Bd7 13. b3 dxc4 14. bxc4 Ba4 15. Qb2 Ra6 16. O-O Rb6 17. Qd4 Qxd4 18. exd4 Nb3 19. Rae1 Rc6 20. c5 Nc3 21. Bd3 Bb5 22. Bxb5 Nxb5 23. Ne5 Rcc8 24. Nd7 Rfd8 25. Nb6 Rc6 26. d5 exd5 27. Nxd5 Re6 28. Ne7+ Kf8 29. Nf5 Nxc5 30. Rxe6 Nxe6 31. Be3 Nxa3 32. Bb6 Rd5 33. g4 Nc4 34. Ba7 b5 35. Rc1 a4 36. Kg2 a3 37. Rc2 h5 38. h3 hxg4 39. hxg4 f6 40. Ne3 Nxe3+ 41. Bxe3 b4 42. Rc8+ Kf7 43. Ra8 Rb5 44. Ra4 b3 0-1


[Site "https://www.chess.com"]

[Event "Titled Tuesday Blitz February 01 A 2022"]
[White "Tabatabaei, M. Amin"]
[Black "Danilenko, Dmitriy"]
[WhiteFideId "12521213"]
[BlackFideId "14120844"]
[WhiteElo "2585"]
[BlackElo "2606"]
[Result "1-0"]
[Round "02"]
[TimeControl "180+1"]
[Date "2022.02.01"]
[WhiteClock "0:01:55"]
[BlackClock "0:00:14"]

1. d4 f5 2. Qd3 d5 3. g4 fxg4 4. h3 Nf6 5. Bf4 Nc6 6. e3 g6 7. Nc3 a6 8. O-O-O Bf5 9. Qd2 Qd7 10. hxg4 Bxg4 11. f3 Bf5 12. Bg2 O-O-O 13. Nge2 e6 14. e4 dxe4 15. fxe4 Bg4 16. d5 exd5 17. exd5 Na5 18. Qd4 Bg7 19. Qa7 Qf5 20. Rhf1 Bxe2 21. Nxe2 Nc4 22. Qa8+ Kd7 23. Qxb7 Nd6 24. Bxd6 1-0


[Site "https://www.chess.com"]

[Event "Titled Tuesday Blitz February 01 A 2022"]
[White "Tari, Aryan"]
[Black "Lin, Dachey"]
[WhiteFideId "1510045"]
[BlackFideId "2029650"]
[WhiteElo "2567"]
[BlackElo "2667"]
[Result "1-0"]
[Round "02"]
[TimeControl "180+1"]
[Date "2022.02.01"]
[WhiteClock "0:01:39"]
[BlackClock "0:00:22"]

1. c4 c5 2. g3 g6 3. Bg2 Bg7 4. Nc3 Nc6 5. d3 d6 6. Qd2 a6 7. b3 Rb8 8. Bb2 Bd7 9. h4 h5 10. Nf3 Nf6 11. Nd5 O-O 12. Nxf6+ Bxf6 13. Qh6 e5 14. Ng5 Bxg5 15. hxg5 Nd4 16. Bxd4 exd4 17. Rxh5 gxh5 18. g6 fxg6 19. Bd5+ Rf7 20. Qxg6+ Kh8 21. Qxf7 Bg4 22. f3 Qa5+ 23. Kf2 Qd2 24. Qf6+ Kh7 25. Qe7+ Kh6 26. fxg4 1-0


[Site "https://www.chess.com"]

[Event "Titled Tuesday Blitz February 01 A 2022"]
[White "Tisaj, Domen"]
[Black "Indjic, Aleksandar"]
[WhiteFideId "14628708"]
[BlackFideId "911925"]
[WhiteElo "2297"]
[BlackElo "2616"]
[Result "0-1"]
[Round "02"]
[TimeControl "180+1"]
[Date "2022.02.01"]
[WhiteClock "0:00:26"]
[BlackClock "0:01:11"]

1. d4 d5 2. c4 e6 3. Nf3 c6 4. cxd5 exd5 5. Nc3 Bd6 6. Bg5 Qb6 7. Qc2 Ne7 8. e3 Bf5 9. Bd3 Bxd3 10. Qxd3 Nd7 11. O-O O-O 12. Rab1 a5 13. Ne5 Bxe5 14. Bxe7 Rfe8 15. Bh4 Bd6 16. b3 Re6 17. Bg3 Bxg3 18. hxg3 Rae8 19. Na4 Qd8 20. Rbc1 Rh6 21. Nc5 Nxc5 22. Rxc5 Ree6 23. a3 Rh5 24. f3 Qg5 25. Rxa5 f5 26. Ra8+ Kf7 27. g4 Rxe3 28. Qd2 Rh6 29. f4 Qe7 30. Kf2 Re4 31. g5 Rh4 32. Kg3 Rg4+ 33. Kf3 Rexf4+ 34. Qxf4 Rxf4+ 35. Kxf4 Qe4+ 36. Kg3 Kg6 37. Rg8 Qxd4 38. Rf3 Kxg5 39. Rb8 Qe5+ 0-1


[Site "https://www.chess.com"]

[Event "Titled Tuesday Blitz February 01 A 2022"]
[White "Vakhlamov, Igor L."]
[Black "Paravyan, David"]
[WhiteFideId "24126748"]
[BlackFideId "4194985"]
[WhiteElo "2401"]
[BlackElo "2569"]
[Result "1/2-1/2"]
[Round "02"]
[TimeControl "180+1"]
[Date "2022.02.01"]
[WhiteClock "0:01:11"]
[BlackClock "0:00:43"]

1. e4 e5 2. Nf3 Nf6 3. Nc3 Nc6 4. Bb5 Nd4 5. Bc4 Bc5 6. d3 d6 7. Na4 b5 8. Nxd4 bxc4 9. Nf5 Bxf5 10. exf5 cxd3 11. Nxc5 dxc5 12. Qxd3 Qxd3 13. cxd3 O-O-O 14. Ke2 Rd5 15. Be3 Rhd8 16. Rac1 e4 17. dxe4 Nxe4 18. Rc4 Nd6 19. Rxc5 Nxf5 20. Rxd5 Rxd5 21. Rc1 Kb7 22. Rc3 a5 23. Rb3+ Kc6 24. Rc3+ Kb7 25. Rb3+ Kc6 26. Rc3+ Kd7 27. Rd3 Kc6 28. Rc3+ 1/2-1/2


[Site "https://www.chess.com"]

[Event "Titled Tuesday Blitz February 01 A 2022"]
[White "Wieczorek, Oskar"]
[Black "Cunjalo, Faris"]
[WhiteFideId "1133950"]
[BlackFideId "14410710"]
[WhiteElo "2319"]
[BlackElo "2263"]
[Result "1-0"]
[Round "02"]
[TimeControl "180+1"]
[Date "2022.02.01"]
[WhiteClock "0:00:40"]
[BlackClock "0:01:00"]

1. e4 c5 2. Nf3 e6 3. d4 cxd4 4. Nxd4 a6 5. Nc3 b5 6. g3 Bb7 7. Bg2 Nc6 8. O-O Be7 9. Re1 d6 10. e5 d5 11. Be3 Nxe5 12. Nxe6 fxe6 13. Bd4 Nf7 14. Bxg7 Qb6 15. Qh5 d4 16. Bxb7 Qxb7 17. Bxd4 O-O-O 18. Qxf7 Rxd4 19. Qxe6+ Rd7 20. Rad1 Kd8 21. Rxd7+ Qxd7 22. Rd1 Qxd1+ 23. Nxd1 1-0


[Site "https://www.chess.com"]

[Event "Titled Tuesday Blitz February 01 A 2022"]
[White "Williams, Simon K"]
[Black "Pranav, V"]
[WhiteFideId "404454"]
[BlackFideId "25060783"]
[WhiteElo "2468"]
[BlackElo "2349"]
[Result "0-1"]
[Round "02"]
[TimeControl "180+1"]
[Date "2022.02.01"]
[WhiteClock "0:00:14"]
[BlackClock "0:00:22"]

1. d4 Nf6 2. Bg5 Ne4 3. h4 Nxg5 4. hxg5 c5 5. d5 d6 6. e4 g6 7. c3 Bg7 8. Nd2 a6 9. a4 Nd7 10. Ngf3 Rb8 11. Bd3 h6 12. a5 hxg5 13. Rxh8+ Bxh8 14. Nxg5 Ne5 15. Be2 e6 16. Ndf3 Nxf3+ 17. Nxf3 exd5 18. exd5 Kf8 19. Kf1 Bf6 20. Nd2 Kg7 21. Nc4 Bd7 22. Nxd6 Qh8 23. Bf3 Be5 24. Nc4 Bb5 25. b3 Bxc3 26. Rc1 Qh1+ 27. Ke2 Re8+ 28. Kd3 Re1 29. Kxc3 Rxd1 30. Rxd1 Qh4 31. d6 Qf6+ 32. Kc2 Bd7 33. Kd2 Qd4+ 34. Ke2 Qc3 35. Rd2 Qxb3 36. Nb6 Qb5+ 37. Ke1 Qb1+ 38. Ke2 Bb5+ 39. Ke3 Qc1 40. d7 Qc3+ 0-1


[Site "https://www.chess.com"]

[Event "Titled Tuesday Blitz February 01 A 2022"]
[White "Xiong, Jeffery"]
[Black "Dronavalli, Harika"]
[WhiteFideId "2047640"]
[BlackFideId "5015197"]
[WhiteElo "2727"]
[BlackElo "2382"]
[Result "1-0"]
[Round "02"]
[TimeControl "180+1"]
[Date "2022.02.01"]
[WhiteClock "0:00:37"]
[BlackClock "0:00:21"]

1. Nf3 Nf6 2. c4 g6 3. b4 Bg7 4. Bb2 O-O 5. e3 b6 6. Be2 Bb7 7. O-O c5 8. b5 d6 9. a4 a5 10. d4 e6 11. Nbd2 Qe7 12. Ra3 Nbd7 13. Qa1 Rfe8 14. Rd1 Rad8 15. h3 e5 16. Bf1 Ne4 17. d5 Nxd2 18. Nxd2 f5 19. e4 f4 20. Be2 Nf6 21. Kf1 Rf8 22. Ke1 Kf7 23. Qb1 Ke8 24. Nf3 Ng8 25. h4 Bc8 26. Kd2 Kd7 27. Rh1 Kc7 28. Qg1 h6 29. Kc2 Nf6 30. Nd2 Kb7 31. g4 Ne8 32. f3 Nc7 33. Bc3 Rde8 34. Nb3 Bd7 35. Bxa5 bxa5 36. Nxa5+ Ka8 37. Qe1 Rb8 38. Nc6 Bxc6 39. Qa5+ Kb7 40. dxc6+ Kc8 41. b6 Ne6 42. Rd1 Nd4+ 43. Rxd4 exd4 44. Qa6+ Kd8 45. c7+ Kd7 46. cxb8=Q Rxb8 47. Qa7+ Ke6 48. Qxb8 Qxh4 49. Qg8+ 1-0


[Site "https://www.chess.com"]

[Event "Titled Tuesday Blitz February 01 A 2022"]
[White "Yaksin, Oleg"]
[Black "Shimanov, Aleksandr"]
[WhiteFideId "24105880"]
[BlackFideId "4198603"]
[WhiteElo "2256"]
[BlackElo "2636"]
[Result "0-1"]
[Round "02"]
[TimeControl "180+1"]
[Date "2022.02.01"]
[WhiteClock "0:00:02"]
[BlackClock "0:00:12"]

1. d4 d5 2. c4 c6 3. Nf3 Nf6 4. Qb3 e6 5. g3 Nbd7 6. Bg2 Be7 7. O-O b6 8. Bf4 Nh5 9. Be3 O-O 10. Rd1 Ba6 11. Nbd2 Nhf6 12. Rac1 Rc8 13. h3 h6 14. Ne5 Nxe5 15. dxe5 Nd7 16. f4 b5 17. cxd5 cxd5 18. Bxa7 Nc5 19. Bxc5 Bxc5+ 20. Kh2 Qb6 21. e4 d4 22. Bf1 Qa5 23. Nf3 Bb6 24. Bd3 b4 25. Bxa6 Qxa6 26. Rxc8 Qe2+ 27. Kh1 Rxc8 28. Qd3 Qxb2 29. f5 Rc3 30. Qf1 Qc2 31. fxe6 fxe6 32. Re1 Re3 33. Rxe3 dxe3 34. Nh4 e2 35. Qe1 Qd1 36. Ng2 Bf2 0-1


[Site "https://www.chess.com"]

[Event "Titled Tuesday Blitz February 01 A 2022"]
[White "Zhigalko, Sergei"]
[Black "Khachiyan, Melikset"]
[WhiteFideId "13502956"]
[BlackFideId "13300512"]
[WhiteElo "2662"]
[BlackElo "2484"]
[Result "0-1"]
[Round "02"]
[TimeControl "180+1"]
[Date "2022.02.01"]
[WhiteClock "0:00:01"]
[BlackClock "0:01:06"]

1. e4 e5 2. Nf3 Nc6 3. Bc4 Bc5 4. b4 Bxb4 5. c3 Be7 6. d4 Na5 7. Bd3 d6 8. dxe5 dxe5 9. Nxe5 Nf6 10. O-O O-O 11. Qc2 b6 12. Nd2 Bb7 13. Ndf3 Qc8 14. h3 Qe6 15. Bf4 h6 16. Nd4 Qc8 17. Rfe1 Re8 18. Nf5 Bf8 19. Rad1 c5 20. Bb5 Bxe4 21. Rxe4 Qxf5 22. Bxe8 Rxe8 23. Rde1 Nxe4 24. Rxe4 f6 25. g4 Qe6 26. Qe2 Nc6 27. Nxc6 Qxe4 28. Qxe4 Rxe4 29. Bb8 a6 30. Ba7 b5 0-1


[Site "https://www.chess.com"]

[Event "Titled Tuesday Blitz February 01 A 2022"]
[White "Abdrlauf, Elham"]
[Black "Atakishiyev, Elmar"]
[WhiteFideId "1533533"]
[BlackFideId "13410547"]
[WhiteElo "2334"]
[BlackElo "2087"]
[Result "1-0"]
[Round "03"]
[TimeControl "180+1"]
[Date "2022.02.01"]
[WhiteClock "0:00:27"]
[BlackClock "0:00:16"]

1. e4 e6 2. d4 d5 3. Nd2 c5 4. exd5 Qxd5 5. Ngf3 cxd4 6. Bc4 Qd6 7. O-O Nf6 8. Nb3 Nc6 9. Nbxd4 Nxd4 10. Nxd4 a6 11. a4 Qc7 12. b3 Bd6 13. h3 O-O 14. Qf3 e5 15. Ne2 e4 16. Qe3 Be5 17. Ba3 Re8 18. c3 Bf5 19. Bc5 Rac8 20. Bd4 h6 21. Bxe5 Qxe5 22. Qf4 Qxf4 23. Nxf4 Red8 24. Rfd1 g5 25. Nd5 Nxd5 26. Bxd5 b6 27. a5 bxa5 28. Rxa5 Be6 29. c4 Rb8 30. Rxa6 Rxb3 31. Rxe6 Kg7 32. Re7 1-0


[Site "https://www.chess.com"]

[Event "Titled Tuesday Blitz February 01 A 2022"]
[White "Andreikin, Dmitry"]
[Black "Ter-Sahakyan, Samvel"]
[WhiteFideId "4158814"]
[BlackFideId "13302531"]
[WhiteElo "2736"]
[BlackElo "2592"]
[Result "1-0"]
[Round "03"]
[TimeControl "180+1"]
[Date "2022.02.01"]
[WhiteClock "0:01:14"]
[BlackClock "0:00:12"]

1. d4 Nf6 2. c4 e6 3. Nc3 Bb4 4. a3 Bxc3+ 5. bxc3 b6 6. e4 Nxe4 7. Qg4 Nf6 8. Qxg7 Rg8 9. Qh6 Bb7 10. Bg5 Rg6 11. Qh4 h6 12. Bxh6 Ng8 13. Qxd8+ Kxd8 14. Bf4 Rxg2 15. Nh3 Rg6 16. Rg1 Rxg1 17. Nxg1 Nc6 18. Nf3 Na5 19. Nd2 d6 20. O-O-O Ke7 21. Bd3 c5 22. h4 Rc8 23. Kb2 cxd4 24. cxd4 d5 25. cxd5 Bxd5 26. h5 f5 27. Rg1 Kf8 28. h6 Nf6 29. Rg7 1-0


[Site "https://www.chess.com"]

[Event "Titled Tuesday Blitz February 01 A 2022"]
[White "Aravindh, Chithambaram VR."]
[Black "Arabidze, Meri"]
[WhiteFideId "5072786"]
[BlackFideId "13604040"]
[WhiteElo "2561"]
[BlackElo "2329"]
[Result "1-0"]
[Round "03"]
[TimeControl "180+1"]
[Date "2022.02.01"]
[WhiteClock "0:00:20"]
[BlackClock "0:00:16"]

1. b3 d5 2. Bb2 Bg4 3. h3 Bh5 4. d3 Nf6 5. g4 Bg6 6. Nf3 Nc6 7. Bg2 e6 8. e3 a5 9. a3 Be7 10. Nbd2 h6 11. Qe2 O-O 12. e4 dxe4 13. dxe4 Bc5 14. O-O Nd4 15. Bxd4 Bxd4 16. Rad1 Bc5 17. Ne5 Bh7 18. Kh1 Qe7 19. f4 Rad8 20. Ndc4 Nd7 21. Nxd7 Rxd7 22. Rxd7 Qxd7 23. f5 f6 24. Nxa5 Bxa3 25. Nxb7 Kh8 26. Na5 exf5 27. exf5 Bg8 28. Rd1 Bd6 29. Nb7 Re8 30. Qd2 Qe7 31. Nxd6 Rd8 32. Nf7+ 1-0


[Site "https://www.chess.com"]

[Event "Titled Tuesday Blitz February 01 A 2022"]
[White "Babazada, Khazar"]
[Black "Arjun Kalyan"]
[WhiteFideId "13413554"]
[BlackFideId "35018701"]
[WhiteElo "2418"]
[BlackElo "2321"]
[Result "1-0"]
[Round "03"]
[TimeControl "180+1"]
[Date "2022.02.01"]
[WhiteClock "0:00:08"]
[BlackClock "0:00:12"]

1. e4 e5 2. Nf3 Nc6 3. Bb5 a6 4. Ba4 Nf6 5. O-O b5 6. Bb3 Bc5 7. Re1 d6 8. a4 Rb8 9. c3 O-O 10. h3 h6 11. d4 Bb6 12. Be3 Re8 13. Nbd2 exd4 14. cxd4 Nb4 15. axb5 axb5 16. Bxf7+ Kxf7 17. Qb3+ Nbd5 18. exd5 Qd7 19. Nf1 Bb7 20. Qc2 Bxd5 21. N3d2 Kg8 22. Ng3 Ra8 23. Rac1 Qf7 24. Nb1 Nh5 25. Nxh5 Qxh5 26. Nc3 Be6 27. Qd3 b4 28. Ne2 Qf5 29. Qd2 b3 30. Nf4 Bf7 31. d5 Ba5 32. Qd4 Bxe1 33. Rxe1 g5 34. Ne2 Qxd5 35. Qc3 Qc4 36. Qd2 Bg6 37. Kh2 Qd3 38. Qb4 c5 39. Qb6 Ra2 40. Nc1 Qd5 41. Re2 Qc4 42. Qxd6 Ra1 43. Qxg6+ Kf8 44. Bxc5+ 1-0


[Site "https://www.chess.com"]

[Event "Titled Tuesday Blitz February 01 A 2022"]
[White "Blohberger, Felix"]
[Black "Demchenko, Anton"]
[WhiteFideId "1632051"]
[BlackFideId "4160258"]
[WhiteElo "2474"]
[BlackElo "2539"]
[Result "1/2-1/2"]
[Round "03"]
[TimeControl "180+1"]
[Date "2022.02.01"]
[WhiteClock "0:00:04"]
[BlackClock "0:00:03"]

1. Nf3 Nf6 2. b3 g6 3. Bb2 Bg7 4. d4 O-O 5. e3 b6 6. Be2 Bb7 7. O-O d6 8. c4 Ne4 9. Nc3 Nxc3 10. Bxc3 Nd7 11. Qd2 e6 12. Rfd1 Qe7 13. Qc2 f5 14. Nd2 e5 15. dxe5 dxe5 16. Nf1 a5 17. a3 Nc5 18. b4 Ne4 19. Be1 Ng5 20. bxa5 f4 21. c5 bxc5 22. Bc4+ Kh8 23. Bd5 c6 24. Be4 c4 25. Rab1 Rf7 26. Qxc4 Nxe4 27. Qxe4 c5 28. Qc4 Ba6 29. Qd5 Raf8 30. e4 f3 31. Ng3 fxg2 32. Rbc1 h5 33. Qxc5 h4 34. Qxe7 Rxe7 35. Bb4 hxg3 36. hxg3 Ref7 37. Bxf8 Bxf8 38. Kxg2 Be2 39. Rd2 Bf3+ 40. Kf1 Bh6 41. Rcc2 Bxd2 42. Rxd2 Rh7 43. Rd8+ Kg7 44. Rd7+ Kh6 45. Rxh7+ Kxh7 46. a6 Bxe4 47. Ke2 Kg7 48. Ke3 Bc6 49. f4 Kf6 50. a7 Kf5 51. a4 Ke6 52. a5 Kf5 53. a6 Ba8 54. fxe5 Kxe5 55. Kd3 Kd5 56. Ke3 g5 57. Kd3 Kc5 58. Ke3 Kb6 59. Kd4 Kxa7 60. g4 Bf3 61. Ke5 Bxg4 62. Kf6 Be2 63. Kxg5 Bxa6 1/2-1/2


[Site "https://www.chess.com"]

[Event "Titled Tuesday Blitz February 01 A 2022"]
[White "Bluebaum, Matthias"]
[Black "Goldin, Alexander"]
[WhiteFideId "24651516"]
[BlackFideId "2019540"]
[WhiteElo "2550"]
[BlackElo "2636"]
[Result "1-0"]
[Round "03"]
[TimeControl "180+1"]
[Date "2022.02.01"]
[WhiteClock "0:00:58"]
[BlackClock "0:00:45"]

1. d4 d5 2. c4 e6 3. Nc3 Nf6 4. cxd5 exd5 5. Bg5 Be7 6. e3 c6 7. Bd3 Nbd7 8. h3 Ne4 9. Bxe7 Qxe7 10. Bxe4 dxe4 11. Qg4 Nf6 12. Qxg7 Rg8 13. Qh6 Rxg2 14. Nge2 Be6 15. Nf4 Rg8 16. O-O-O O-O-O 17. Qh4 Bf5 18. Nh5 Rg6 19. Ng3 Qe6 20. Qf4 Bxh3 21. Rxh3 Qxh3 22. Nf5 Qf3 23. Qe5 Rg5 24. Ne7+ Kd7 25. Qxg5 Kxe7 26. d5 Rd6 27. Qe5+ Kd7 28. dxc6+ 1-0


[Site "https://www.chess.com"]

[Event "Titled Tuesday Blitz February 01 A 2022"]
[White "Cagara, Paulina"]
[Black "Dobrov, Vladimir"]
[WhiteFideId "1124870"]
[BlackFideId "4136594"]
[WhiteElo "1828"]
[BlackElo "2614"]
[Result "0-1"]
[Round "03"]
[TimeControl "180+1"]
[Date "2022.02.01"]
[WhiteClock "0:00:08"]
[BlackClock "0:00:25"]

1. e4 c5 2. Nc3 Nc6 3. Bb5 Nd4 4. Bc4 g6 5. Nf3 Bg7 6. Nxd4 cxd4 7. Qf3 f5 8. Ne2 Qa5 9. O-O e6 10. c3 fxe4 11. Qxe4 d5 12. Qd3 dxc4 13. Qxc4 Qd5 14. Qa4+ Bd7 15. Qb4 a5 16. Qa3 d3 17. Ng3 Ne7 18. b3 Bc6 19. f3 Nf5 20. Ne4 O-O-O 21. Bb2 Qb5 22. c4 Qb4 23. Qxb4 axb4 24. Bxg7 Nxg7 25. a3 bxa3 26. Rxa3 Kc7 27. Ng5 Rd7 28. Re1 Re7 29. b4 h6 30. Nh3 Rd8 31. Nf4 g5 32. Nxd3 Red7 33. Nc5 Rxd2 34. b5 Rd1 35. Rxd1 Rxd1+ 36. Kf2 Bd7 37. Re3 Bc8 38. Re4 Rd2+ 39. Kg3 Nf5+ 40. Kh3 b6 41. Nb3 Rd3 42. Nc1 Re3 43. Rxe3 Nxe3 44. Kg3 Nxc4 45. h4 e5 46. hxg5 hxg5 47. Nd3 Kd6 48. Nf2 Bf5 49. Kh2 Na3 50. g4 Bg6 51. Nh3 Nxb5 52. Nxg5 Nd4 53. Kg3 b5 54. f4 Ne2+ 55. Kf3 Nxf4 56. Ne4+ Bxe4+ 57. Kxe4 Ne6 58. Kd3 Kd5 59. Kc3 e4 0-1


[Site "https://www.chess.com"]

[Event "Titled Tuesday Blitz February 01 A 2022"]
[White "Durarbayli, Vasif"]
[Black "Ratnakaran, K."]
[WhiteFideId "13402935"]
[BlackFideId "5005507"]
[WhiteElo "2528"]
[BlackElo "2391"]
[Result "1-0"]
[Round "03"]
[TimeControl "180+1"]
[Date "2022.02.01"]
[WhiteClock "0:00:07"]
[BlackClock "0:00:01"]

1. e4 e6 2. d4 d5 3. e5 c5 4. c3 Nc6 5. Nf3 Bd7 6. a3 f6 7. Bd3 fxe5 8. dxe5 Qc7 9. Bf4 O-O-O 10. O-O Be7 11. b4 Rf8 12. Bg3 h5 13. h4 g5 14. b5 Na5 15. Nxg5 Bxg5 16. hxg5 h4 17. Bh2 h3 18. g4 Ne7 19. a4 c4 20. Bc2 Nb3 21. Nd2 Nxa1 22. Qxa1 Be8 23. Qb1 Rhg8 24. f4 Ng6 25. Qe1 b6 26. Kh1 Ne7 27. Nf3 Kb8 28. Nd4 Bd7 29. Qe3 Qc5 30. f5 Qa3 31. Bg3 Ka8 32. Kh2 Qb2 33. Rf2 Qa1 34. Qd2 Qa3 35. g6 Qc5 36. Bh4 Nxg6 37. fxg6 Rxf2+ 38. Bxf2 Qe7 39. Bg3 Qg7 40. Qg5 Rf8 41. Bh4 Rf1 42. Kxh3 Qf8 43. Qd8+ Qxd8 44. Bxd8 Rf2 45. Bf6 Be8 46. Kg3 Rd2 47. g7 Bf7 48. Bh7 Rd1 49. Kf4 Rf1+ 50. Ke3 Rc1 51. Kd2 Rg1 52. g8=Q+ Bxg8 53. Bxg8 Rg2+ 54. Ne2 Rxg4 55. Bxe6 Rg3 56. Bxd5+ Kb8 57. Bxc4 Kc7 58. e6 Kd6 59. Bd4 Rg5 60. Be3 Rg4 61. Kd3 Rh4 62. Bf4+ Kc5 63. Be3+ Kd6 64. e7 Rh8 65. Bg5 Kd7 66. Nf4 1-0


[Site "https://www.chess.com"]

[Event "Titled Tuesday Blitz February 01 A 2022"]
[White "Gaehwiler, Gabriel"]
[Black "Makarian, Rudik"]
[WhiteFideId "1314530"]
[BlackFideId "44105681"]
[WhiteElo "2383"]
[BlackElo "2486"]
[Result "0-1"]
[Round "03"]
[TimeControl "180+1"]
[Date "2022.02.01"]
[WhiteClock "0:00:12"]
[BlackClock "0:00:45"]

1. d4 Nf6 2. c4 e6 3. g3 c5 4. Nf3 Qa5+ 5. Qd2 Nc6 6. Qxa5 Nxa5 7. b3 b6 8. Bg2 Bb7 9. O-O cxd4 10. Nxd4 Bxg2 11. Kxg2 Nc6 12. Bb2 Nxd4 13. Bxd4 Bc5 14. Bxf6 gxf6 15. Rd1 f5 16. e3 Ke7 17. Nc3 Bb4 18. Ne2 Bd6 19. Rd3 Be5 20. Rad1 Rhd8 21. Ng1 a6 22. f4 Bc7 23. Nf3 b5 24. c5 a5 25. Kf1 Rac8 26. Nd4 Bb8 27. c6 d5 28. Rc1 b4 29. Nb5 Bc7 30. Ke2 Rg8 31. Kf3 Kd8 32. Rc5 Bb6 33. Rc2 Ke7 34. Rdd2 h5 35. h3 Rg7 36. c7 Kd7 37. Rd1 Rcg8 38. Rg1 h4 39. g4 fxg4+ 40. hxg4 h3 41. g5 Rc8 42. Rgc1 Rh7 43. Kg3 Bxe3 44. Re1 h2 45. Rh1 Bg1 0-1


[Site "https://www.chess.com"]

[Event "Titled Tuesday Blitz February 01 A 2022"]
[White "Goltsev, Dmitry"]
[Black "Bacrot, Etienne"]
[WhiteFideId "24176710"]
[BlackFideId "605506"]
[WhiteElo "2273"]
[BlackElo "2673"]
[Result "0-1"]
[Round "03"]
[TimeControl "180+1"]
[Date "2022.02.01"]
[WhiteClock "0:00:04"]
[BlackClock "0:00:09"]

1. e4 c5 2. Nf3 d6 3. d4 cxd4 4. Nxd4 Nf6 5. Nc3 Nc6 6. Bg5 e6 7. Qd2 a6 8. a3 Bd7 9. Be2 Be7 10. O-O-O Qa5 11. h4 b5 12. f3 b4 13. Nb1 Rb8 14. Nb3 Qc7 15. Bxa6 bxa3 16. Nxa3 Nb4 17. Bd3 O-O 18. e5 dxe5 19. Bxf6 Bxf6 20. Bxh7+ Kxh7 21. Qxd7 Qb6 22. Qd6 Qa7 23. Qc5 Qa4 24. Qa5 Na2+ 25. Kd2 Qf4+ 26. Ke2 Nb4 27. Qa7 Nxc2 28. Nxc2 Rxb3 29. Rd2 e4 30. Qc5 exf3+ 31. Kd1 fxg2 32. Rg1 Qf1+ 33. Ne1 Rfb8 34. Rdxg2 Qf5 35. Qxf5+ exf5 36. Rf1 g6 37. h5 Rxb2 38. hxg6+ fxg6 39. Rxb2 Rxb2 40. Nd3 Rb1+ 41. Ke2 Rxf1 42. Kxf1 g5 43. Kg2 Kg6 44. Kf3 Bd8 45. Ne5+ Kf6 46. Nd7+ Ke6 47. Nc5+ Kd5 48. Nd3 Bc7 49. Nb4+ Ke6 50. Ke3 Bd6 51. Nc6 g4 52. Nd4+ Kf6 53. Ke2 Ke5 54. Nc6+ Ke4 55. Kf2 f4 56. Kg2 f3+ 57. Kh1 g3 58. Kg1 Bc5+ 59. Kh1 g2+ 0-1


[Site "https://www.chess.com"]

[Event "Titled Tuesday Blitz February 01 A 2022"]
[White "Grandelius, Nils"]
[Black "Halvax, Georg"]
[WhiteFideId "1710400"]
[BlackFideId "1619543"]
[WhiteElo "2617"]
[BlackElo "2403"]
[Result "1-0"]
[Round "03"]
[TimeControl "180+1"]
[Date "2022.02.01"]
[WhiteClock "0:01:41"]
[BlackClock "0:02:05"]

1. Nf3 d5 2. g3 Nf6 3. Bg2 e6 4. O-O Be7 5. c4 O-O 6. b3 c5 7. cxd5 Nxd5 8. d4 cxd4 9. Nxd4 Bf6 10. Bb2 b6 11. e4 Ba6 12. exd5 Bxf1 13. Kxf1 exd5 14. Nc3 Nd7 15. Nc6 Qe8 16. Qxd5 Rc8 17. Re1 Ne5 18. Nxe5 Bxe5 19. Qxe5 Qd7 20. Nd5 1-0


[Site "https://www.chess.com"]

[Event "Titled Tuesday Blitz February 01 A 2022"]
[White "Grischuk, Alexander"]
[Black "Vakhlamov, Igor L."]
[WhiteFideId "4126025"]
[BlackFideId "24126748"]
[WhiteElo "2762"]
[BlackElo "2401"]
[Result "1-0"]
[Round "03"]
[TimeControl "180+1"]
[Date "2022.02.01"]
[WhiteClock "0:00:37"]
[BlackClock "0:00:16"]

1. e4 c5 2. Nc3 Nc6 3. Nf3 g6 4. Bb5 Bg7 5. O-O Nf6 6. e5 Ng4 7. Bxc6 bxc6 8. Re1 O-O 9. d3 d6 10. exd6 exd6 11. Bf4 Rb8 12. Qc1 Bf5 13. Rb1 Qd7 14. h3 Nf6 15. Bh6 Rfe8 16. Rxe8+ Rxe8 17. Bxg7 Kxg7 18. Qd2 h6 19. Re1 Rxe1+ 20. Qxe1 c4 21. dxc4 Bxc2 22. Qe3 Bf5 23. c5 dxc5 24. Qxc5 Be4 25. Nd4 Bd5 26. Nxd5 cxd5 27. b3 Ne4 28. Qc2 Qd6 29. Nf3 Nf6 30. Qc3 Qe6 31. Ne5 Kg8 32. Qd4 a6 33. b4 Nd7 34. Ng4 Kh7 35. Ne3 Nf6 36. a4 Qc6 37. b5 axb5 38. axb5 Qc1+ 39. Kh2 Qc7+ 40. g3 Ne4 41. Nxd5 Qc2 42. Qxe4 Qxf2+ 43. Qg2 Qc5 44. b6 Qc6 45. b7 Qxb7 46. Nf6+ 1-0


[Site "https://www.chess.com"]